 Dungeon Crawl Stone Soup version 0.29.0-11-gd7f09526c8 (webtiles) character file.

Game seed: 789807941746358647

0 freelancePsychic the Sneak (level 1, -16/18 HPs)
             Began as a Demigod Delver on Sept 2, 2022.
             Killed by an exploding adder (34 damage)
             ... ignited by their inner flame
             ... on level 4 of the Dungeon.
             The game lasted 00:01:29 (153 turns).

freelancePsychic the Sneak (Demigod Delver)          Turns: 153, Time: 00:01:30

Health: -16/18     AC:  5    Str: 13    XL:     1   Next: 0%
Magic:  3/3        EV: 11    Int: 12    God:
Gold:   0          SH:  0    Dex: 15    Spells: 0/0 levels left

rFire   . . .      SeeInvis .   k - +0 quarterstaff
rCold   . . .      Faith    .   (shield currently unavailable)
rNeg    . . .      Spirit   .   b - +0 leather armour
rPois   .          Reflect  .   (no helmet)
rElec   .          Harm     .   h - +1 cloak
rCorr   .          Rampage  .   (no gloves)
Will    .....                   (no boots)
Stlth   +++.......              (no amulet)
HPRegen 0.06/turn               (no ring)
MPRegen 0.08/turn               (no ring)

@: no status effects
A: high MP 1, forlorn, divine attributes
a: no special abilities


You were on level 4 of the Dungeon.
You visited 1 branch of the dungeon, and saw 2 of its levels.

Inventory:

Hand Weapons
 a - a +0 mace
 i - a +0 broad axe
 k - a +0 quarterstaff (weapon)
Missiles
 e - 2 poisoned darts (quivered)
Armour
 b - a +0 leather armour (worn)
 h - a +1 cloak (worn)
Wands
 g - a wand of digging (3)
Scrolls
 c - a scroll of fog
 d - a scroll of magic mapping
Potions
 f - a potion of haste {@q3}


   Skills:
 + Level 2.6 Fighting
 * Level 0.0(1.0) Axes
 - Level 1.7 Maces & Flails
 + Level 1.7 Dodging
 + Level 4.5 Stealth


You couldn't memorise any spells.
You didn't know any spells.
Your spell library was empty.

Dungeon Overview and Level Annotations

Branches:
Dungeon (5/15)
 Temple: D:4-7

Annotations:
D:4 Natasha


Innate Abilities, Weirdness & Mutations

You have an increased reservoir of magic. (+10% MP)
You shall have no god before yourself.
Your divine heritage dramatically boosts your attributes as you level up.


Message History

There is a stone staircase leading up here.
You climb upwards.
There is a stone staircase leading down here.
Unknown command.
You climb downwards.
The black bear bites you.
The black bear claws you but does no damage.
The black bear closely misses you.
There is a stone staircase leading up here.
As you read the scroll of fear, it crumbles to dust.
You assume a fearsome visage.
The black bear looks frightened!
There is a stone staircase leading up here.
You climb upwards.
Level annotation: Natasha
There is a stone staircase leading down here.
Found a short sword.
Found 9 gold pieces.
Found 5 poisoned darts.
You see here 5 poisoned darts.
e - 5 poisoned darts
Found a stone staircase leading down.
Found 4 stones.
Found a purple potion.
Found a shimmering copper ring.
An adder comes into view.
The adder hisses angrily.
Okay, then.
As you read the scroll labelled WUOX LEDDUSHRATOX, it crumbles to dust.
The creatures around you are filled with an inner flame!
It was a scroll of immolation.
You throw a poisoned dart.
The poisoned dart barely misses the adder.
You throw a poisoned dart.
The poisoned dart barely misses the adder.
You throw a poisoned dart. The poisoned dart hits the adder.
The adder is poisoned.
Flame seeps out of the adder.
The adder is engulfed in blazing flames.
The adder explodes!
The fiery explosion engulfs you!!
Ouch! That really hurt!
You die...

.......>............##
.......................
............###........
#...........###.......
#.............#...^..#
♣♣...........##......#
♣#.................##
#..................# .
#§§@.###...######.##
....#§○#.#=##### #.#.
.....§..##+# #.).
........# #...
........# #...
........# #.. .....##.#
#.. ..((# ..# #.. ....
#.# #..


There were no monsters in sight!

Vanquished Creatures
  An adder (D:4)
1 creature vanquished.

Notes
Turn   | Place    | Note
-------+----------+-------------------------------------------
     0 | D:5      | freelancePsychic the Demigod Delver began the quest for the
                  | Orb.
     0 | D:5      | Reached XP level 1. HP: 18/18 MP: 3/3
    30 | D:5      | Identified the +3 flail of Seudea {antimagic, *Corrode
                  | rElec rC+ Dex+4}
    55 | D:5      | Noticed a black bear
    60 | D:4      | Noticed Natasha
   153 | D:4      | Killed by an exploding adder... ignited by their inner
                  | flame

Illustrated notes

Levels and vault maps discovered:
D:4:      minmay_clustersquares, layout_cave_pools,
          mainiacjoe_overflow_alcove_1, kennysheep_small_circle, uniq_eustachio,
          uniq_natasha
D:5:      layout_cave_pods, lemuel_crystal_altar, serial_shops,
          nicolae_shop_hallway_plus, chequers_garden, uniq_blork_the_orc,
          uniq_duvessa, uniq_pikel

Action                   || total
-------------------------++-------
Throw: Dart              ||     3
  Use: Scroll            ||     2
Armor: Leather armour    ||     1
Dodge: Dodged            ||     1
